 Dungeon Crawl Stone Soup version 0.19-a0-644-gd04d753 (webtiles) character file.

89 Stormphoenix the Ruffian (level 4, -1/39 HPs)
             Began as a Troll Earth Elementalist on June 14, 2016.
             Slain by a gnoll
             ... wielding a +0 whip
              (9 damage)
             ... on level 3 of the Dungeon.
             The game lasted 00:03:39 (1387 turns).

Stormphoenix the Ruffian (Troll Earth Elementalist) Turns: 1387, Time: 00:03:40

Health: -1/39      AC:  5    Str: 17    XL:     4   Next: 31%
Magic:  4/4        EV:  9    Int: 11    God:
Gold:   104        SH:  0    Dex: 10    Spells: 0 memorised, 5 levels left

rFire  . . .     SeeInvis .       - Unarmed
rCold  . . .     Gourm    +     c - +0 robe
rNeg   . . .     Faith    .     (no shield)
rPois  .         Spirit   .     (helmet restricted)
rElec  .         Dismiss  .     (no cloak)
rCorr  .         Reflect  .     (gloves unavailable)
SustAt .         Harm     .     (boots unavailable)
MR     .....                    (no amulet)
Stlth  +.........               (no ring)
                                (no ring)

@: drained, not resistant to hostile enchantments, very unstealthy
A: unfitting armour, claws 3, fast metabolism 3, gourmand, regeneration 2,
shaggy fur 1, tough skin 2
a: no special abilities


You were on level 3 of the Dungeon.
You were completely stuffed.

You visited 1 branch of the dungeon, and saw 3 of its levels.

You collected 104 gold pieces.

Inventory:

Armour
 c - a +0 robe (worn)
Wands
 i - a wand of lightning (10/15)
Scrolls
 a - a scroll of identify
 g - a scroll of magic mapping
 k - a scroll of remove curse
Comestibles
 d - 4 bread rations
 h - a meat ration


   Skills:
 - Level 1.5(1.2) Dodging
 - Level 1.1(0.7) Stealth
 + Level 4.0(3.6) Unarmed Combat
 - Level 1.2(0.9) Spellcasting
   Level 0.6(0.2) Transmutations
   Level 2.6(2.3) Earth Magic


You had 5 spell levels left.
You didn't know any spells.

Dungeon Overview and Level Annotations

Branches:
Dungeon (3/15)

Altars:
Trog
Vehumet


Innate Abilities, Weirdness & Mutations

You are too large for most types of armour.
You have claws for hands.
Your metabolism is lightning-fast.
You like to eat raw meat.
You heal very quickly.
You are covered in fur. (AC +1)
You have very tough skin. (AC +2)


Message History

You claw the gnoll!
You kill the gnoll!
Your base Unarmed Combat skill increases to level 4!
The rat bites you but does no damage.
You scratch the gnoll but do no damage. The gnoll closely misses you.
The rat bites you but does no damage.
You completely miss the gnoll. The gnoll barely misses you.
The rat bites you but does no damage.
You closely miss the gnoll.
You hear the slow rusting of a distant drain.
The gnoll hits you with a whip! The rat bites you.
You barely miss the gnoll. The gnoll hits you with a whip.
The rat closely misses you.
You barely miss the gnoll. The gnoll hits you with a whip.
* * * LOW HITPOINT WARNING * * *
The rat barely misses you.
You scratch the gnoll. You claw the gnoll.
The gnoll is heavily wounded.
The gnoll hits you with a whip!
You die...

..# .<## ..... #
.... .# ...#.#
###.#+# ###......
..g.... #.rb....#
....... #@#
.......
#g########.......
#g...g...........
#.<...g..........
#)...............
#....<....#####..
#.........# .
#..[......#
#..........#


You could see 2 gnolls, a bat and a rat.

Vanquished Creatures
  Terence (D:3)
  An adder (D:2)
  A gnoll (D:3)
  A dart slug (D:2)
  9 bats
  2 giant cockroaches
  3 goblins
  4 hobgoblins
  8 jackals
  5 kobolds
  3 giant newts
  4 rats
42 creatures vanquished.

Notes
Turn   | Place    | Note
--------------------------------------------------------------
     0 | D:1      | Stormphoenix the Troll Earth Elementalist began the quest for the Orb.
     0 | D:1      | Reached XP level 1. HP: 16/16 MP: 1/1
    62 | D:1      | Reached skill level 1 in Unarmed Combat
   238 | D:1      | Reached XP level 2. HP: 24/24 MP: 2/2
   445 | D:1      | Reached skill level 2 in Unarmed Combat
   768 | D:2      | Reached XP level 3. HP: 26/31 MP: 3/3
   781 | D:2      | Reached skill level 3 in Unarmed Combat
   921 | D:2      | Found a radiant altar of Vehumet.
  1278 | D:2      | Found a bloodstained altar of Trog.
  1354 | D:3      | Noticed Terence
  1374 | D:3      | Killed Terence
  1374 | D:3      | Reached XP level 4. HP: 32/39 MP: 4/4
  1381 | D:3      | Reached skill level 4 in Unarmed Combat
  1387 | D:3      | Slain by a gnoll

Vault maps used:
D:1:      dpeg_arrival_tiny_g, minmay_misc_feat_tower, minivault_24
D:2:      nicolae_overflow_crystal_walls, lightli_temple_of_fire
D:3:      portal_sewer_entry_a, first_bread, minmay_statues_item, uniq_terence

Skill      XL: |  1  2  3  4 |
---------------+-------------+-----
Unarmed Combat | 1 2 3 4 |  4.0
Dodging        | |  1.5
Stealth        | |  1.1
Spellcasting   | |  1.2
Transmutations | |  0.6
Earth Magic    | |  2.6

Action                   |  1- 3 |  4- 6 || total
-------------------------+-------+-------++-------
Melee: Unarmed           |   127 |    13 ||   140
       Punch             |       |     1 ||     1
  Use: Scroll            |     6 |       ||     6
       Potion            |     1 |       ||     1
  Eat: Chunk             |    18 |       ||    18
Armor: Robe              |    76 |     5 ||    81
Dodge: Dodged            |    69 |    10 ||    79
